 Dungeon Crawl Stone Soup version 0.19.4-8-ga85b6b9 (webtiles) character file.

37 Jynx the Sneak (level 3, 0/24 HPs)
             Began as a Vampire Enchanter on Feb 11, 2017.
             Slain by an adder (4 damage)
             ... on level 1 of the Dungeon.
             The game lasted 00:01:44 (1469 turns).

Jynx the Sneak (Vampire Enchanter)                  Turns: 1469, Time: 00:01:45

Health: 0/24       AC:  4    Str:  7    XL:     3   Next: 21%
Magic:  4/6        EV: 13    Int: 17    God:
Gold:   44         SH:  0    Dex: 15    Spells: 1 memorised, 5 levels left

rFire  . . .     SeeInvis +     a - +1 dagger
rCold  . . .     Gourm    .     b - +1 robe
rNeg   + . .     Faith    .     (no shield)
rPois  .         Spirit   .     (no helmet)
rElec  .         Reflect  .     (no cloak)
rCorr  .         Harm     .     (no gloves)
MR     .....                    l - +0 pair of boots
Stlth  +++.......               (no amulet)
                                (no ring)
                                (no ring)

@: lethally poisoned (0 -> -4)
A: fangs 3, see invisible, unbreathing
a: Bat Form


You were on level 1 of the Dungeon.
You were not thirsty.

You visited 1 branch of the dungeon, and saw 1 of its levels.

You collected 44 gold pieces.

Inventory:

Hand Weapons
 a - a +1 dagger (weapon)
Armour
 b - a +1 robe (worn)
 l - a +0 pair of boots (worn)
Scrolls
 e - a scroll of blinking {unknown}
 f - a scroll of identify {unknown}
 h - a scroll of immolation {unknown}
 j - a scroll of teleportation {unknown}
 k - a scroll of remove curse {unknown}
Potions
 d - a potion of blood
 g - a potion of lignification {unknown}
 i - a potion of agility {unknown}
 m - a potion of might {unknown}
 n - a potion of degeneration {unknown}
Books
 c - a book of Maledictions

   Spells                             Type                      Level
   a - Corona                         Hexes                        1
   b - Ensorcelled Hibernation        Hexes/Ice                    2
   c - Confuse                        Hexes                        3
   d - Tukima's Dance                 Hexes                        3
   e - Dazzling Spray                 Conjuration/Hexes            3


   Skills:
 * Level 2.0 Short Blades
 + Level 2.8 Dodging
 + Level 5.0 Stealth
 - Level 2.0 Spellcasting
 + Level 4.8 Hexes


You had 5 spell levels left.
You knew the following spells:

 Your Spells              Type           Power        Failure   Level  Hunger
a - Corona                Hex            ###....      2%          1    #......


Dungeon Overview and Level Annotations

Branches:
Dungeon (1/15)

Altars:


Innate Abilities, Weirdness & Mutations

You have razor-sharp teeth.
You have supernaturally acute eyesight. (SInv)
You can survive without breathing.


Message History

The adder barely misses you.
The leopard gecko hisses menacingly.
The leopard gecko bites you. The adder bites you.
The leopard gecko closely misses you. The leopard gecko bites you.
Okay, then.
Casting: Corona
Confirm with . or Enter, or press ? or * to list all spells.
Aiming: Corona
Press: ? - help, Shift-Dir - straight line, f - adder
Aim: an adder (chance to defeat MR: 65%)
The adder is outlined in light.
The adder barely misses you.
The leopard gecko completely misses you.
You closely miss the adder. The adder bites you.
* * * LOW HITPOINT WARNING * * *
You are lethally poisoned!
The adder poisons you! The leopard gecko closely misses you.
You hit the adder but do no damage.
* * * LOW HITPOINT WARNING * * *
You feel sick. The adder bites you.
You die...

###.##.#.#.##....#.##
#.##.#.#.###.##.### #
#.##.#.#.# #>##.# ########
#.##.#.#.# #.##.# .......#
#.##.#.#)# #.##.# ######.#
#.##.#.#.###.##.# #
##.########..........).#..#
#
#...........##....(#####.##
# #......>..).@....#### #.#
#..........Sl.......####.##
##.#.#####.......#.#.......#
####....#
#.#.###.....#.##..#
........#
#.#.##..#.#.#.##..#
####...##
#.#.##......#.##..# ##.##
#.#.##............### # #.#
#.#.##..#.#.....#.... # #.#
#.#.#......%.......##


You could see an adder and a leopard gecko.

Vanquished Creatures
  2 oozes (D:1)
  2 leopard geckos (D:1)
  3 hobgoblins (D:1)
  A ball python (D:1)
  5 bats (D:1)
  4 frilled lizards (D:1)
  2 goblins (D:1)
  3 kobolds (D:1)
  5 rats (D:1)
27 creatures vanquished.

Notes
Turn   | Place    | Note
-------+----------+-------------------------------------------
     0 | D:1      | Jynx the Vampire Enchanter began the quest for the Orb.
     0 | D:1      | Reached XP level 1. HP: 13/13 MP: 3/3
   618 | D:1      | Reached XP level 2. HP: 15/19 MP: 3/5
  1148 | D:1      | Reached XP level 3. HP: 16/24 MP: 6/6
  1358 | D:1      | Reached skill level 5 in Stealth
  1469 | D:1      | Slain by an adder

Skill      XL: |  1  2  3 |
---------------+----------+-----
Stealth        | 5 |  5.0
Short Blades   | 2 |  2.0
Dodging        | |  2.8
Spellcasting   | |  2.0
Hexes          | |  4.8

Action                   || total
-------------------------++-------
Melee: Dagger            ||   119
       Bite              ||     9
 Cast: Corona            ||     6
 Stab: Sleeping          ||     3
  Eat: Corpse            ||     3
Armor: Robe              ||    25
Dodge: Dodged            ||    93
